 Dungeon Crawl Stone Soup version 0.22-a0-377-g846bec1 (webtiles) character file.

15779 Falco the Bludgeoner (level 12, -16/165 HPs)
             Began as a Minotaur Berserker on Apr 28, 2018.
             Was an Elder of Trog.
             Hit by a large rock thrown by a cyclops (45 damage)
             ... on level 14 of the Dungeon.
             The game lasted 01:02:46 (12414 turns).

Falco the Bludgeoner (Minotaur Berserker)          Turns: 12414, Time: 01:02:47

Health: -16/165    AC:  7    Str: 28    XL:     12   Next: 4%
Magic:  11/11      EV: 15    Int:  4    God:    Trog [****..]
Gold:   775        SH: 10    Dex: 18    Spells: 11/11 levels left

rFire    . . .     SeeInvis .   X - +0 morningstar
rCold    . . .     Gourm    .   U - +0 shield
rNeg     . . .     Faith    .   t - +1 leather armour of Deofopen {rElec Dex+4}
rPois    .         Spirit   .   (helmet restricted)
rElec    +         Reflect  .   M - +0 cloak
rCorr    .         Harm     +   (no gloves)
MR       +....                  (no boots)
Stlth    ..........             D - amulet of harm
HPRegen  0.37/turn              b - +1 ring of protection
MPRegen  0.12/turn              G - ring of protection from magic

@: berserking (expiring), very quick
A: retaliatory headbutt, horns 2
a: Berserk, Trog's Hand, Brothers in Arms, Renounce Religion


You were on level 14 of the Dungeon.
You worshipped Trog.
Trog was greatly pleased with you.
You were not hungry.

You visited 1 branch of the dungeon, and saw 14 of its levels.

You collected 805 gold pieces.
You spent 30 gold pieces at shops.

Inventory:

Hand Weapons
 a - a +2 mace
 p - a +0 shortbow
 x - a +0 battleaxe of flaming
 X - a +0 morningstar (weapon)
Missiles
 f - 62 poisoned needles
 k - 6 exploding tomahawks
 l - 5 javelins of returning (quivered)
 s - 7 needles of sleeping
 u - 191 arrows
 H - 4 silver javelins
Armour
 t - the +1 leather armour of Deofopen (worn) {rElec Dex+4}
   (You found it on level 4 of the Dungeon)

   It affects your dexterity (+4).
   It insulates you from electricity.
 w - the +1 scale mail of Dishonour {+Inv rElec}
   (You found it on level 13 of the Dungeon)

   It insulates you from electricity.
   It lets you turn invisible.
 M - a +0 cloak (worn)
 U - a +0 shield (worn)
Jewellery
 b - a +1 ring of protection (left hand)
 D - an amulet of harm (around neck)
 G - a ring of protection from magic (right hand)
 N - a cursed ring of teleportation
Wands
 d - a wand of random effects (23)
 i - a wand of paralysis (7)
 Q - a wand of digging (20)
 S - a wand of iceblast (7)
 W - a wand of disintegration (16)
 Y - a wand of flame (29)
Scrolls
 e - 2 scrolls of amnesia {unknown}
 g - a scroll of teleportation
 j - 2 scrolls of remove curse
 y - 2 scrolls of blinking {unknown}
 A - 2 scrolls of random uselessness {unknown}
 B - 3 scrolls of fog {unknown}
 C - 2 scrolls of magic mapping
 K - 2 scrolls of vulnerability {unknown}
 L - 2 scrolls of noise {unknown}
 T - a scroll of enchant armour {unknown}
 V - a scroll of fear {unknown}
 Z - a scroll of brand weapon {unknown}
Potions
 h - 2 potions of agility
 m - 5 potions of brilliance
 n - a potion of ambrosia
 o - 3 potions of curing
 q - 3 potions of might
 r - 2 potions of lignification
 z - a potion of haste
 E - a potion of heal wounds
 F - a potion of magic {unknown}
 I - 2 potions of invisibility {unknown}
 J - a potion of flight {unknown}
 O - a potion of degeneration {unknown}
 P - a potion of cancellation {unknown}
Miscellaneous
 v - a fan of gales
 R - a lightning rod (3/4)
Comestibles
 c - 7 rations


   Skills:
 + Level 11.3 Fighting
 + Level 15.1 Maces & Flails
 + Level 3.5 Throwing
 + Level 7.4 Armour
 + Level 8.1 Dodging
 + Level 4.9 Stealth
 + Level 3.1 Shields
 + Level 0.4 Evocations


You had 11 spell levels left.
You didn't know any spells.

Dungeon Overview and Level Annotations

Branches:
Dungeon (14/15)            Temple (0/1) D:6            Lair (0/6) D:9
    Orc (0/2) D:9
 Vaults: D:13-14

Altars:
Ashenzari
Elyvilon
Fedhas
Gozag
Hepliaklqana
Kikubaaqudgha
Okawaru
Qazlal
Ru
Xom
Yredelemnul
The Shining One

Shops:
D:4 =   D:8 (

Annotations:
D:12 Nessos


Innate Abilities, Weirdness & Mutations

You reflexively headbutt those who attack you in melee.
You have a pair of horns on your head.


Message History

You sock the orc warrior!
You kill the orc warrior!
Trog accepts your kill. The orc hits you with a falchion.
You sock the orc!
You kill the orc!
Trog accepts your kill. The enchanted long sword hits you!
* * * LOW HITPOINT WARNING * * *
You impale the centaur!!
You kill the centaur!
Trog accepts your kill. The enchanted long sword hits you!
* * * LOW HITPOINT WARNING * * *
You are too berserk!
Your skin stops crawling.
You feel less resistant to hostile enchantments.
The cyclops shouts!
You hear two shouts!
You hear a horrible gurgling sound!
The cyclops throws a large rock.
The large rock hits you!!!
You die...

...# ##..# . # #...#
.. #.##..# ...#.#...#
......C..y##
...[.....$.# .
...........########...
...........†.@........
.......#######........
####### #(Y♣♣♣♣♣.
#.o.. #o...♣ #...:♣
#..... #......
#.......


You could see a cyclops, a sky beast, an enchanted long sword, an orc wizard and
an orc.

Vanquished Creatures
  The ghost of timneilson the Spear-Bearer, a journeyman DrBe of Trog (D:10)
  3 two-headed ogres
  Urug (D:12)
  An unseen horror (D:12)
  A cyclops (D:13)
  Maurice (D:12)
  A gargoyle (D:14)
  A kobold demonologist (D:13)
  A komodo dragon (D:14)
  A queen bee (D:9)
  A hornet (D:11)
  Prince Ribbit (D:7)
  2 hippogriffs
  A shadow (D:12)
  17 yaks
  3 wraiths (D:11)
  A hungry ghost (D:8)
  3 vampire mosquitoes (D:14)
  A soldier ant (D:11)
  6 orc warriors
  4 ice beasts
  A sky beast (D:8)
  A black bear (D:8)
  2 phantoms
  A necrophage (D:8)
  2 ogres
  4 centaurs
  2 crocodiles
  6 bullfrogs
  A gnoll sergeant (D:6)
  A wyvern zombie (D:10)
  A wyvern skeleton (D:10)
  3 scorpions
  18 killer bees
  2 howler monkeys (D:7)
  2 bullfrog zombies
  8 crimson imps
  A centaur zombie (D:7)
  3 quasits
  7 hounds
  2 jellies
  An orc priest (D:14)
  10 orc wizards
  3 bullfrog skeletons
  A centaur skeleton (D:8)
  5 iguanas
  12 worker ants
  A killer bee zombie (D:9)
  A hound skeleton (D:5)
  2 worker ant zombies (D:5)
  7 gnolls
  A howler monkey skeleton (D:4)
  14 adders
  3 shadow imps
  An ooze (D:6)
  2 adder skeletons (D:4)
  3 worms (D:2)
  A dart slug (D:4)
  3 leopard geckos
  28 orcs
  A ball python (D:2)
  6 giant cockroaches
  6 goblins
  9 hobgoblins
  7 jackals
  6 kobolds
  6 quokkas
  3 bats
  3 frilled lizards
  7 rats
273 creatures vanquished.

Vanquished Creatures (collateral kills)
  A two-headed ogre (D:9)
1 creature vanquished.

Grand Total: 274 creatures vanquished

Notes
Turn   | Place    | Note
-------+----------+-------------------------------------------
     0 | D:1      | Falco the Minotaur Berserker began the quest for the Orb.
     0 | D:1      | Reached XP level 1. HP: 19/19 MP: 0/0
   220 | D:1      | Reached XP level 2. HP: 27/27 MP: 1/1
   229 | D:1      | Reached skill level 4 in Maces & Flails
   560 | D:2      | Reached XP level 3. HP: 34/34 MP: 2/2
   644 | D:2      | Found a sacrificial altar of Ru.
   648 | D:2      | Reached ** piety under Trog
   654 | D:2      | Reached XP level 4. HP: 41/41 MP: 3/3
   841 | D:2      | Reached skill level 5 in Maces & Flails
   957 | D:2      | Reached XP level 5. HP: 39/47 MP: 4/4
  1307 | D:3      | Noticed a fire elemental
  1308 | D:3      | Found a stormy altar of Qazlal.
  1481 | D:3      | Noticed a water elemental
  1651 | D:3      | Noticed an air elemental
  1799 | D:4      | Reached skill level 5 in Fighting
  1838 | D:4      | Got a bloodstained leather armour
  1853 | D:4      | Reached skill level 6 in Maces & Flails
  1855 | D:4      | Found Enaett's Jewellery Shop.
  1869 | D:4      | Identified the +1 leather armour of Deofopen {rElec Dex+4} (You found it on level 4 of the Dungeon)
  1891 | D:4      | Bought a +1 ring of protection for 30 gold pieces
  1991 | D:4      | Found a glowing golden altar of the Shining One.
  2118 | D:5      | Entered Level 5 of the Dungeon
  2148 | D:5      | Reached XP level 6. HP: 56/56 MP: 5/5
  2410 | D:5      | Noticed an ice beast
  2415 | D:5      | Killed an ice beast
  2415 | D:5      | Reached XP level 7. HP: 61/61 MP: 6/6
  2489 | D:5      | Reached skill level 7 in Maces & Flails
  2678 | D:5      | Reached skill level 1 in Throwing
  2842 | D:5      | Reached skill level 5 in Armour
  3050 | D:5      | Found an opulent altar of Gozag.
  3054 | D:5      | Reached skill level 1 in Stealth
  3216 | D:6      | Reached *** piety under Trog
  3220 | D:6      | Found a staircase to the Ecumenical Temple.
  3314 | D:6      | Reached skill level 8 in Maces & Flails
  3314 | D:6      | Reached XP level 8. HP: 70/70 MP: 7/7
  3505 | D:6      | Found a blossoming altar of Fedhas.
  3513 | D:6      | Found an ancient bone altar of Kikubaaqudgha.
  4110 | D:7      | Noticed a hippogriff
  4122 | D:7      | Killed a hippogriff
  4330 | D:7      | Reached skill level 9 in Maces & Flails
  4508 | D:7      | Reached skill level 5 in Dodging
  4530 | D:7      | Found a white marble altar of Elyvilon.
  4833 | D:7      | Noticed Prince Ribbit
  4922 | D:7      | Reached XP level 9. HP: 76/79 MP: 8/8
  5041 | D:7      | Killed Prince Ribbit
  5589 | D:8      | Found Kitras's Antique Weapon Shop.
  5861 | D:8      | Reached **** piety under Trog
  5861 | D:8      | Reached skill level 10 in Maces & Flails
  6036 | D:8      | Found an iron altar of Okawaru.
  6068 | D:8      | Found a basalt altar of Yredelemnul.
  6381 | D:8      | Found a shattered altar of Ashenzari.
  6775 | D:9      | Received a gift from Trog
  6851 | D:9      | Reached skill level 11 in Maces & Flails
  6913 | D:9      | Found a shimmering altar of Xom.
  6914 | D:9      | Noticed a two-headed ogre
  6932 | D:9      | Killed a two-headed ogre
  6949 | D:9      | Reached XP level 10. HP: 70/90 MP: 9/9
  7042 | D:9      | Found a staircase to the Orcish Mines.
  7168 | D:9      | Found a hazy altar of Hepliaklqana.
  7552 | D:9      | Found a staircase to the Lair.
  7717 | D:9      | Reached skill level 12 in Maces & Flails
  7793 | D:10     | Entered Level 10 of the Dungeon
  8313 | D:10     | Reached skill level 13 in Maces & Flails
  8688 | D:10     | Noticed timneilson's ghost (journeyman DrBe)
  8721 | D:10     | Killed timneilson's ghost
  8721 | D:10     | Reached XP level 11. HP: 57/99 MP: 0/10
  8976 | D:10     | Noticed a two-headed ogre
  8987 | D:10     | Killed a two-headed ogre
  8987 | D:10     | Reached skill level 10 in Fighting
  9410 | D:11     | Noticed a two-headed ogre
  9423 | D:11     | Killed a two-headed ogre
  9424 | D:11     | Paralysed by a hornet for 1 turns
  9438 | D:11     | Reached skill level 1 in Shields
  9679 | D:11     | Reached skill level 14 in Maces & Flails
 10224 | D:12     | Killed an unseen horror
 10274 | D:12     | Noticed Urug
 10290 | D:12     | Killed Urug
 10625 | D:12     | Noticed Maurice
 10628 | D:12     | Received a gift from Trog
 10639 | D:12     | Killed Maurice
 11007 | D:12     | Noticed a two-headed ogre
 11013 | D:12     | Killed a two-headed ogre
 11217 | D:12     | Noticed Nessos
 11679 | D:13     | Got a translucent scale mail
 11690 | D:13     | Identified the cursed +1 scale mail of Dishonour {+Inv rElec} (You found it on level 13 of the Dungeon)
 11747 | D:13     | Reached skill level 15 in Maces & Flails
 12382 | D:14     | Noticed a two-headed ogre
 12387 | D:14     | Noticed a white ugly thing
 12394 | D:14     | Noticed an enchanted long sword
 12399 | D:14     | Reached XP level 12. HP: 61/110 MP: 11/11
 12414 | D:14     | Hit by a large rock thrown by a cyclops

Vault maps used:
D:1:      tarquinn_simple_flora_water_c
D:2:      nicolae_ru_great_annihilating_truth, kennysheep_doodads
D:3:      nicolae_qazlal_style_of_elements
D:4:      nicolae_tso_carved_into_rock, serial_shops, shop, moated_statue
D:5:      old_standard_altar, first_ration
D:6:      grunt_temple_overflow_growth_and_decay,
          minmay_temple_entry_statues_fountains
D:7:      overflow_temple_1_default, uniq_prince_ribbit1
D:8:      nicolae_overflow_hidden_temple, kennysheep_little_box,
          lemuel_coloured_pillars_altar, lemuel_round_altar, serial_shops, shop
D:9:      old_standard_altar, nicolae_overflow_crystal_walls, lair_entry_dummy,
          orc_0_dummy, david_nohive_1, stair_cage_line
D:12:     spider_trap, uniq_urug, uniq_maurice, uniq_nessos
D:14:     erik_vaults_1, minmay_misc_feat_tower

Skill      XL: |  1  2  3  4  5  6  7  8  9 10 11 |
---------------+----------------------------------+-----
Fighting       | 4 5 6 7 8 9 11 | 11.3
Maces & Flails | 4 5 6 8 9 11 13 15 | 15.1
Armour         | 3 4 5 6 7 |  7.4
Dodging        | 3 5 6 7 8 |  8.1
Throwing       | 2 3 |  3.5
Stealth        | 1 2 3 4 |  4.9
Shields        | 3 |  3.1
Evocations     | |  0.4

Action                   |  1- 3 |  4- 6 |  7- 9 | 10-12 || total
-------------------------+-------+-------+-------+-------++-------
Melee: Mace              |    61 |   102 |   271 |   272 ||   706
       Headbutt          |    16 |    15 |    63 |    89 ||   183
       Morningstar       |       |       |       |    80 ||    80
Throw: Javelin           |       |     4 |    19 |    19 ||    42
Invok: Trog's Hand       |       |     2 |     3 |    10 ||    15
       Berserk           |       |     2 |     2 |     8 ||    12
       Brothers in Arms  |       |       |     1 |     2 ||     3
Evoke: Lightning rod     |       |       |       |     2 ||     2
  Use: Scroll            |       |     7 |     6 |     7 ||    20
       Potion            |       |       |     2 |     4 ||     6
 Stab: Sleeping          |       |       |     8 |     5 ||    13
       Distracted        |       |       |       |     1 ||     1
  Eat: Ration            |     1 |     2 |     5 |     9 ||    17
Armor: Ring mail         |     3 |       |       |       ||     3
       Scale mail        |    13 |    26 |       |       ||    39
       Leather armour    |       |     3 |    53 |    42 ||    98
Dodge: Dodged            |    37 |    85 |   236 |   156 ||   514
Block: Shield            |       |       |       |    57 ||    57

Table legend:
 A = Spawn XP
 B = Non-spawn XP
 C = Spawn XP percentage of total XP
 D = Spawn monster count
 E = Non-spawn monster count
 F = Spawn count percentage of total count
 G = Total turns spent on level
                    A         B        C        D         E        F      G
               +---------+---------+-------+---------+---------+-------+---------
         Total |       0 |   22542 |   0.0 |       0 |     274 |   0.0 | 12414
               +---------+---------+-------+---------+---------+-------+---------
           D:1 |       0 |      33 |   0.0 |       0 |      20 |   0.0 |   473
           D:2 |       0 |     177 |   0.0 |       0 |      24 |   0.0 |   798
           D:3 |       0 |      31 |   0.0 |       0 |      10 |   0.0 |   473
           D:4 |       0 |     126 |   0.0 |       0 |      13 |   0.0 |   374
           D:5 |       0 |     827 |   0.0 |       0 |      21 |   0.0 |  1069
           D:6 |       0 |     687 |   0.0 |       0 |      21 |   0.0 |   845
           D:7 |       0 |    1208 |   0.0 |       0 |      20 |   0.0 |  1358
           D:8 |       0 |    1335 |   0.0 |       0 |      21 |   0.0 |  1375
           D:9 |       0 |    3289 |   0.0 |       0 |      30 |   0.0 |  1028
          D:10 |       0 |    4244 |   0.0 |       0 |      27 |   0.0 |  1501
          D:11 |       0 |    4212 |   0.0 |       0 |      32 |   0.0 |   916
          D:12 |       0 |    3239 |   0.0 |       0 |      10 |   0.0 |  1013
          D:13 |       0 |    1407 |   0.0 |       0 |      14 |   0.0 |   921
          D:14 |       0 |    1727 |   0.0 |       0 |      11 |   0.0 |   270
               +---------+---------+-------+---------+---------+-------+---------
